 Dungeon Crawl Stone Soup version 0.31.0-9-g3a7656b989 (webtiles) character file.

Game seed: 16223164899619305092

687 ExZ the Trooper (level 7, -2/38 HPs)
             Began as a Vine Stalker Fighter on Jan 28, 2024.
             Slain by a steam dragon (3 damage)
             ... on level 5 of the Dungeon.
             The game lasted 00:05:09 (3452 turns).

ExZ the Trooper (Vine Stalker Fighter)              Turns: 3452, Time: 00:05:09

Health: -2/38      AC:  9    Str: 21    XL:     7   Next: 62%
Magic:  0/8        EV:  8    Int:  8    God:
Gold:   257        SH:  5    Dex: 13    Spells: 6/6 levels left

rFire   . . .        a - +0 war axe
rCold   + . .        c - +0 buckler
rNeg    . . .        z - +0 chain mail
rPois   .            (no helmet)
rElec   .            (no cloak)
rCorr   .            (no gloves)
SInv    .            (no boots)
Will    .....        f - amulet of the acrobat Stlth
                     b - +4 ring of slaying
HPRegen 1.06/turn    o - ring of protection from cold
MPRegen 0.11/turn

%: acrobat, guardian spirit
@: mighty
A: fangs 2, regeneration 1, magic shield, antimagic bite, no potion heal 2
a: no special abilities


You were on level 5 of the Dungeon.
You visited 1 branch of the dungeon, and saw 5 of its levels.
You also visited: Sewer.

You collected 257 gold pieces.

Inventory:

Hand Weapons
 a - a +0 war axe (weapon)
Armour
 c - a +0 buckler (worn)
 z - a +0 chain mail (worn)
Jewellery
 b - a +4 ring of slaying (left hand)
 f - an amulet of the acrobat (around neck)
 j - a ring of see invisible
 o - a ring of protection from cold (right hand)
Wands
 p - a wand of iceblast (11)
Scrolls
 e - a scroll of amnesia
 g - 2 scrolls of fear {unknown}
 h - a scroll of brand weapon
 k - a scroll of immolation
 q - a scroll of vulnerability
 v - 2 scrolls of fog {unknown}
 y - a scroll of noise {unknown}
 A - a scroll of revelation {unknown}
 C - a scroll of poison {unknown}
 D - a scroll of silence {unknown}
 E - a scroll of identify
Potions
 d - 2 potions of might
 i - a potion of magic {unknown}
 l - 2 potions of cancellation {unknown}
 m - a potion of enlightenment {unknown}
 n - a potion of brilliance {unknown}
 r - a potion of heal wounds {unknown}
 s - 2 potions of haste {unknown}
 t - a potion of lignification {unknown}
 u - a potion of invisibility {unknown}
 w - 3 potions of mutation {unknown}
 x - a potion of ambrosia {unknown}
 B - a potion of curing {unknown}


   Skills:
 + Level 4.5 Fighting
 + Level 4.0 Axes
 + Level 4.1 Armour
 + Level 4.5 Shields


You had 6 spell levels left.
You didn't know any spells.
Your spell library contained the following spells:

 Spells                   Type           Power      Damage    Failure   Level
 Static Discharge         Conj/Air       0%         3-3/arc   99%         2
 Inner Flame              Hex/Fire       0%         N/A       100%        3
 Airstrike                Air            0%         2d(0-16)  100%        4
 Summon Lightning Spire   Summ/Air       0%         N/A       100%        4
 Irradiate                Conj/Alch      0%         3d11      100%        5
 Ignition                 Fire           0%         3d3       100%        8


Dungeon Overview and Level Annotations

Branches:
Dungeon (5/15)              Sewer (visited)
 Temple: D:4-7

Altars:
Kikubaaqudgha

Shops:
D:1 ?:   D:3 !


Innate Abilities, Weirdness & Mutations

You have extremely sharp teeth.
Your natural rate of healing is unusually fast.
When hurt, damage is shared between your health and your magic reserves.
Your bite disrupts and absorbs the magic of your enemies.
Potions cannot restore your health.


Message History

The ball of steam misses you.
Unknown command.
You are engulfed in a cloud of scalding steam.
The steam dragon misses you. You block the steam dragon's attack.
You hit the steam dragon. Your bite misses the steam dragon.
The steam dragon is lightly wounded.
You slash the fungus!
The fungus begins to die.
You hit the steam dragon. You hit the fungus.
The fungus begins to die.
You slash the fungus!
The fungus begins to die.
You are engulfed in a cloud of scalding steam.
The steam dragon bites you. The steam dragon claws you.
The steam dragon bites you. The steam dragon barely misses you.
You barely miss the steam dragon. You bite the steam dragon!
You drain its power.
You feel invigorated.
The steam dragon is heavily wounded.
You slash the fungus! You slash the steam dragon! You hit the fungus.
You slash the fungus!
You are engulfed in a cloud of scalding steam.
The fungus is engulfed in a cloud of scalding steam. x2
The fungus begins to die.
The steam dragon bites you but does no damage.
The steam dragon claws you but does no damage.
The steam dragon breathes steam at you. The ball of steam hits you!
The ball of steam hits the fungus!!
You slash the steam dragon!
The steam dragon is severely wounded.
You slash the fungus! You closely miss the steam dragon. You slice the fungus!!
You slash the fungus!
You are engulfed in a cloud of scalding steam.
A nearby fungus withers and dies. x3; The steam dragon bites you.
The steam dragon claws you but does no damage.
The steam dragon breathes steam at you. The ball of steam hits you!!
* * * LOW HITPOINT WARNING * * *
The steam dragon breathes steam at you. The ball of steam hits you!
* * * LOW HITPOINT WARNING * * *
The steam dragon bites you but does no damage.
The steam dragon claws you.
You die...

### ##'## #.#
###^PP####...## #.#
#PP..^.##.....## #..
##~.....P#......#####
#~^....~≈#....<..####
#PP....PP#.......'...
#~..~PP##.......####
#.DD..##.......## #
#.@§# ##.....## #~§.#
##...## #.§.# ##'##
#~§^######.####
#P.~##........#
#~..##.###.##.#
##..##.##...#.#
#.P##.#......#
#.P##........#####


You could see 2 steam dragons.

Vanquished Creatures
  2 brain worms (Sewer)
  2 scorpions (D:5)
  A centaur zombie (D:3)
  An orc priest (D:5)
  2 sleepcaps (D:5)
  3 scorpion zombies (D:3)
  An orc wizard (D:5)
  6 adders
  2 gnolls (D:2)
  4 river rats
  An adder skeleton (D:3)
  5 ribbon worms
  16 orcs
  6 ball pythons
  7 endoplasms
  4 giant cockroaches
  5 goblins
  6 hobgoblins
  2 jackals (D:3)
  4 kobolds (D:2)
  3 quokkas
  3 bats
  12 frilled lizards
  A giant cockroach zombie (D:3)
  A quokka skeleton (D:3)
  2 quokka zombies (D:3)
  13 rats
115 creatures vanquished.

Notes
Turn   | Place    | Note
-------+----------+-------------------------------------------
     0 | D:1      | ExZ the Vine Stalker Fighter began the quest for the Orb.
     0 | D:1      | Reached XP level 1. HP: 11/11 MP: 2/2
    57 | D:1      | Found Juvoit's Magic Scroll Shoppe.
   121 | D:1      | Reached XP level 2. HP: 16/16 MP: 3/3
   269 | D:1      | Found Ymeun's Vocational Training.
   718 | D:2      | Found an ancient bone altar of Kikubaaqudgha.
   778 | D:2      | Reached XP level 3. HP: 15/20 MP: 2/4
  1037 | D:2      | Reached XP level 4. HP: 24/24 MP: 5/5
  1643 | D:3      | Reached XP level 5. HP: 27/28 MP: 6/6
  1769 | D:3      | Found Jeheferinu's Distillery.
  1776 | D:3      | Reached XP level 6. HP: 32/33 MP: 7/7
  1924 | D:3      | Found a glowing drain.
  1933 | Sewer    | Entered a sewer
  2096 | Sewer    | Reached XP level 7. HP: 29/37 MP: 8/8
  3133 | D:5      | Entered Level 5 of the Dungeon
  3445 | D:5      | Noticed a steam dragon
  3446 | D:5      | Noticed a steam dragon
  3452 | D:5      | HP: 1/38 [steam dragon/ball of steam (7)]
  3452 | D:5      | Slain by a steam dragon

Illustrated notes

Levels and vault maps discovered:
D:1:      lightli_iron_boxes, layout_loops_ring, serial_shops, shop,
          nicolae_shop_vocational
D:2:      layout_basic, basic_altar, minmay_octomino_e4
D:3:      layout_rooms, serial_undead, serial_undead_e, serial_undead_f,
          serial_undead_b, serial_undead_b, serial_undead_c, serial_undead_f,
          serial_shops, shop, lightli_sewer_entry_pipes
D:4:      layout_loops_ring
D:5:      kennysheep_steamy, layout_loops_corners, minmay_temple_entry_hall,
          minmay_bent, uniq_duvessa

Skill      XL: |  1  2  3  4  5  6  7 |
---------------+----------------------+-----
Axes           | 2 3 4 |  4.0
Fighting       | 3 4 |  4.5
Shields        | 3 4 |  4.5
Armour         | 3 4 |  4.1

Action                     |  1- 3 |  4- 6 |  7- 9 || total
---------------------------+-------+-------+-------++-------
  Melee: War axe           |    76 |   205 |    71 ||   352
         Bite              |    17 |    45 |    15 ||    77
    Use: Scroll            |       |     4 |       ||     4
         Potion            |       |       |     1 ||     1
 Armour: Scale mail        |    72 |   158 |    20 ||   250
         Chain mail        |       |       |    44 ||    44
  Dodge: Dodged            |    68 |   128 |    22 ||   218
  Block: Buckler           |    25 |    54 |    18 ||    97
